 Dungeon Crawl Stone Soup version 0.31-a0-1237-gabc64e778c (webtiles) character file.

Game seed: 12475473643301229161

12308 Turgor the Mimic (level 11, -25/89 HPs)
             Began as a Green Draconian Shapeshifter on Dec 15, 2023.
             Was a Follower of Ru.
             Killed by an exploding deep elf pyromancer (31 damage)
             ... ignited by their inner flame
             ... on level 12 of the Dungeon.
             The game lasted 00:47:26 (13312 turns).

Turgor the Mimic (Green Draconian Shapeshifter)    Turns: 13312, Time: 00:47:26

Health: -25/89     AC: 10    Str: 24    XL:     11   Next: 60%
Magic:  12/12      EV: 22    Int: 14    God:    Ru [*.....]
Gold:   784        SH:  0    Dex: 10    Spells: 6/11 levels left

rFire   . .          .
                       - Unarmed
rCold   . . .        (shield currently unavailable)
rNeg    . . .        (body armour unavailable)
rPois   +            (helmet restricted)
rElec   .            q - +1 cloak
rCorr   .            j - +0 pair of gloves
SInv    .            (no boots)
Will    .....        n - amulet of the acrobat
Stlth   +            L - +5 ring of evasion
HPRegen 0.34/turn    H - +6 ring of strength
MPRegen 0.13/turn

%: acrobat
@: short of breath, flux-form, glowing
A: glow, contaminating, breathe noxious fumes, AC +7, unfitting armour, poison
resistance, screaming 1, cold-blooded, inability to drink after injury 2
a: Breathe Noxious Fumes, Begin Untransformation, Renounce Religion


You were on level 12 of the Dungeon.
You worshipped Ru.
Ru was aware of your devotion.
You were something dangerously unstable.
You visited 2 branches of the dungeon, and saw 13 of its levels.

You collected 784 gold pieces.

Inventory:

Hand Weapons
 a - the +6 dagger "Wyathrae" {pain, rN+}
   (You found it on level 4 of the Dungeon)

   rN+:       It protects you from negative energy.
Missiles
 d - 44 poisoned darts (quivered)
 r - 7 javelins
 v - 2 curare-tipped darts
 K - 4 throwing nets
Armour
 j - a +0 pair of gloves (worn)
 q - a +1 cloak (worn)
 M - a +0 pair of boots
 P - a +0 buckler
Magical Staves
 g - a staff of cold
Jewellery
 e - a ring of ice
 n - an amulet of the acrobat (around neck)
 y - an amulet of magic regeneration
 A - a ring of magical power
 D - a ring of ice
 H - a +6 ring of strength (right hand)
 L - a +5 ring of evasion (left hand)
 N - a +4 ring of protection
 O - a ring of resist corrosion
Talismans
 b - a beast talisman
 c - a flux talisman (active)
Wands
 u - a wand of acid (7)
Scrolls
 f - 3 scrolls of poison
 h - 2 scrolls of blinking {unknown}
 i - 3 scrolls of immolation
 k - a scroll of torment {unknown}
 l - a scroll of silence {unknown}
 m - 3 scrolls of enchant weapon
 o - 3 scrolls of vulnerability {unknown}
 t - 4 scrolls of teleportation
 z - 2 scrolls of fear {unknown}
 B - a scroll of amnesia {unknown}
 F - 2 scrolls of revelation {unknown}
 I - a scroll of noise {unknown}
Potions
 p - 4 potions of curing
 s - 4 potions of enlightenment
 w - 7 potions of heal wounds
 x - a potion of mutation
 C - a potion of berserk rage {unknown}
 E - a potion of invisibility {unknown}
 G - a potion of haste {unknown}
 J - a potion of resistance {unknown}


   Skills:
 - Level 6.0 Fighting
 - Level 6.0 Dodging
 + Level 10.1 Unarmed Combat
 + Level 0.9 Spellcasting
 + Level 1.0 Conjurations
 + Level 1.0 Air Magic
 * Level 8.5 Poison Magic
 + Level 11.1 Shapeshifting


You had 6 spell levels left.
You knew the following spells:

 Your Spells              Type           Power      Damage    Failure   Level
a - Poisonous Vapours     Pois/Air       26%        N/A       6%          2
b - Mephitic Cloud        Conj/Pois/Air  10%        N/A       19%         3

Your spell library contained the following spells:

 Spells                   Type           Power      Damage    Failure   Level
 Necrotise                Necr           0%         1d4       26%         1
 Dazzling Flash           Conj/Hex       4%         N/A       54%         3
 Stone Arrow              Conj/Erth      4%         3d7       54%         3
 Vampiric Draining        Necr           0%         2d6       63%         3
 Volatile Blastmotes      Fire/Tloc      0%         2d10      63%         3
 Freezing Cloud           Conj/Ice/Air   1%         6-21      99%         5
 Agony                    Necr           0%         N/A       100%        5
 Starburst                Conj/Fire      1%         6d3       100%        6
 Lehudib's Crystal Spear  Conj/Erth      1%         10d2      100%        8
 Maxwell's Capacitive Co  Air            1%         ∞         100%        8
 Animate Armour           Summ/Erth      Unusable   N/A       N/A         4

Dungeon Overview and Level Annotations

Branches:
Dungeon (12/15)            Temple (1/1) D:6            Lair (0/5) D:9
    Orc: D:9-12

Altars:
Ashenzari
Cheibriados
Dithmenos
Elyvilon
Fedhas
Gozag
Hepliaklqana
Kikubaaqudgha
Makhleb
Nemelex Xobeh
Okawaru
Qazlal
Ru
Sif Muna
Trog
Uskayaw
Vehumet
Wu Jian
Xom
Yredelemnul
Zin
The Shining One

Annotations:
D:4 1 runed translucent door, Crazy Yiuf
D:9 3 runed translucent doors
Temple 2 transporters


Innate Abilities, Weirdness & Mutations

You are something dangerously unstable.
You glow with magical radiation, making you easy to see and hit.
Foes you strike become dangerously contaminated with magical radiation.
You are incapable of wielding weapons or throwing items.
You can breathe blasts of noxious fumes.
Your lurid green scales are hard. (AC +7)
You cannot fit into any form of body armour.
Your system is resistant to poisons. (rPois)
You occasionally shout uncontrollably at your foes.
You are cold-blooded and may be slowed by cold attacks.
You sometimes lose the ability to drink potions when taking damage.


Message History

The deep elf pyromancer is poisoned.
Flame seeps out of the deep elf pyromancer.
Unknown command.
Aiming: Corrosive Bolt
Press: ? - help, Shift-Dir - straight line, f/p - deep elf pyromancer
Aim: a deep elf pyromancer, wielding a +0 long sword (poison gas, almost dead, inner flame, poisoned, 60% to hit)
The bolt of acid hits the fire elemental!
The acid corrodes the fire elemental!
The fire elemental is severely damaged.
The bolt of acid misses the deep elf pyromancer.
The fire elemental hits you. The fire elemental burns you!
The howler monkey is engulfed in poison gas.
The howler monkey looks as sick as possible!
Flame seeps out of the howler monkey.
The cyclops is engulfed in poison gas.
The cyclops is poisoned.
Flame seeps out of the cyclops.
The fire elemental closely misses you.
The howler monkey is engulfed in poison gas.
The howler monkey looks as sick as possible!
Flame seeps out of the howler monkey.
The deep elf pyromancer is engulfed in poison gas.
The deep elf pyromancer looks even sicker.
Flame seeps out of the deep elf pyromancer.
The deep elf pyromancer is engulfed in poison gas.
The deep elf pyromancer looks even sicker.
Flame seeps out of the deep elf pyromancer.
Unknown command.
Unknown command.
Flame seeps out of the howler monkey.
Flame seeps out of the deep elf pyromancer.
The fire elemental closely misses you. The fire elemental misses you.
The howler monkey is engulfed in poison gas.
The howler monkey looks as sick as possible!
The howler monkey explodes!
The fiery explosion engulfs the deep elf pyromancer!!!
The fire elemental disappears in a puff of smoke! x2
The fiery explosion engulfs you!!
* * * LOW HITPOINT WARNING * * *
The deep elf pyromancer explodes!
The fiery explosion engulfs you!!
You die...

§§§§☼§§§§§§§§§§
§§§§§§☼§§§§§§§§
§☼§§§§§§§§§§§§§
§§§§☼§§§§§§§§§☼
☼☼§§§§§☼§§§§§§§
§§§§☼§§§§§☼§§§§
§§§§§§§§§§§.§☼§
§§§§§e§p§§§§§☼§
§§.§§§§§§§§§☼§§
§§§☼§§§§§§§§§§§
§§§§§§§§§§§☼C§.
§§§§§§§§☼§☼§§§§
§§§§§§§§☼§§§§☼§
§§§☼§§☼§§§§§§§§
§§☼§§§§§§h§§§§§


You could see a cyclops (inner flame, poisoned), a deep elf pyromancer (inner
flame, very poisoned) and a howler monkey.

Vanquished Creatures
  Harold (D:10)
  A boulder beetle (D:11)
  A two-headed ogre (D:10)
  Pikel (D:7)
  A deep elf pyromancer (D:12)
  An ugly thing (D:11)
  3 cyclopes
  A manticore (D:11)
  Maggie (D:9)
  An unseen horror (D:10)
  2 komodo dragons
  2 trolls
  A hornet (D:9)
  Grinder (D:6)
  10 yaks
  2 wyverns
  2 steam dragons
  Edmund (D:5)
  3 vampire mosquitoes
  An acid dragon (D:9)
  3 water moccasins
  4 orc warriors
  An ogre (D:6)
  4 centaurs
  4 lemures (D:7)
  4 phantoms
  2 kobold brigands
  Blork the orc (D:4)
  5 scorpions
  5 bullfrogs
  A gnoll sergeant (D:11)
  7 wights
  4 howler monkeys
  3 hounds
  A jelly (D:5)
  A spectral scorpion (D:4)
  7 orc priests
  4 sleepcaps
  Jessica (D:3)
  Natasha (D:4)
  2 iguanas (D:5)
  17 orc wizards
  A hound skeleton (D:4)
  11 gnolls
  9 adders
  2 adder zombies (D:4)
  An adder skeleton (D:4)
  A worm (D:4)
  A dart slug (D:3)
  35 orcs
  5 ball pythons
  4 bats
  10 endoplasms
  10 giant cockroaches
  23 goblins
  28 hobgoblins
  3 jackals (D:2)
  3 quokkas (D:1)
  2 frilled lizards
  19 kobolds
  A quokka skeleton (D:4)
  2 rats
290 creatures vanquished.

Vanquished Creatures (others)
  A human (D:5)
1 creature vanquished.

Grand Total: 291 creatures vanquished

Notes
Turn   | Place    | Note
-------+----------+-------------------------------------------
     0 | D:1      | Turgor the Draconian Shapeshifter began the quest for the
                  | Orb.
     0 | D:1      | Reached XP level 1. HP: 16/16 MP: 1/1
   358 | D:1      | Reached XP level 2. HP: 23/23 MP: 2/2
   450 | D:1      | Found a faded altar of an unknown god.
   927 | D:2      | Reached XP level 3. HP: 20/28 MP: 3/3
  1242 | D:2      | Reached skill level 4 in Shapeshifting
  1343 | D:2      | Reached XP level 4. HP: 33/35 MP: 4/4
  1663 | D:3      | Found a basalt altar of Yredelemnul.
  1795 | D:3      | Found a glowing golden altar of the Shining One.
  1853 | D:3      | Noticed a steam dragon
  1887 | D:3      | Found a white marble altar of Elyvilon.
  1888 | D:3      | Found a shadowy altar of Dithmenos.
  1889 | D:3      | Found a snail-covered altar of Cheibriados.
  1889 | D:3      | Found a sparkling altar of Nemelex Xobeh.
  2214 | D:3      | Reached XP level 5. HP: 21/40 MP: 5/5
  2596 | D:3      | Reached skill level 5 in Shapeshifting
  2821 | D:3      | Noticed Jessica
  2829 | D:3      | Killed Jessica
  3008 | D:4      | Noticed Blork the orc
  3023 | D:4      | Killed Blork the orc
  3024 | D:4      | Reached XP level 6. HP: 26/47 MP: 6/6
  3258 | D:4      | Reached skill level 5 in Unarmed Combat
  3258 | D:4      | Reached skill level 6 in Shapeshifting
  3837 | D:4      | Your scales start taking on a lurid green colour.
  3837 | D:4      | Reached XP level 7. HP: 52/52 MP: 7/7
  3837 | D:4      | Gained mutation: Your system is resistant to poisons.
                  | (rPois) [Green Draconian growth]
  4117 | D:4      | Found a runed translucent door.
  4118 | D:4      | Noticed Crazy Yiuf
  4386 | D:4      | Noticed Natasha
  4398 | D:4      | Killed Natasha
  4515 | D:4      | Identified the +6 dagger "Wyathrae" {pain, rN+}
  4605 | D:5      | Entered Level 5 of the Dungeon
  4677 | D:5      | Reached skill level 7 in Shapeshifting
  5064 | D:5      | Reached XP level 8. HP: 59/59 MP: 8/8
  5252 | D:5      | Noticed Edmund
  5260 | D:5      | Killed Edmund
  5301 | D:5      | Found an ancient bone altar of Kikubaaqudgha.
  5456 | D:6      | Reached skill level 8 in Shapeshifting
  5859 | D:6      | Noticed Grinder
  5872 | D:6      | Killed Grinder
  5873 | D:6      | Reached skill level 9 in Shapeshifting
  5994 | D:6      | Reached XP level 9. HP: 64/64 MP: 9/9
  6440 | D:6      | Found a staircase to the Ecumenical Temple.
  6630 | Temple   | Found a transporter.
  6630 | Temple   | Found a transporter.
  6630 | Temple   | Found a transporter.
  6630 | Temple   | Found a transporter.
  6630 | Temple   | Entered the Ecumenical Temple
  6650 | Temple   | Became a worshipper of Ru the Awakened
  7227 | D:7      | Noticed Pikel
  7240 | D:7      | Killed Pikel
  8087 | D:8      | Reached skill level 10 in Shapeshifting
  8107 | D:8      | Gained mutation: You occasionally shout uncontrollably at
                  | your foes. [Ru sacrifice]
  8441 | D:8      | Noticed a cyclops
  8447 | D:8      | Reached XP level 10. HP: 76/80 MP: 10/10
  8452 | D:8      | Killed a cyclops
  8991 | D:9      | Reached skill level 5 in Fighting
  9378 | D:9      | Learned a level 2 spell: Poisonous Vapours
  9382 | D:9      | Learned a level 3 spell: Mephitic Cloud
  9543 | D:9      | Reached skill level 1 in Poison Magic
  9560 | D:9      | Found a staircase to the Lair.
  9742 | D:9      | Noticed Maggie
  9752 | D:9      | Killed Maggie
  9753 | D:9      | Reached skill level 5 in Dodging
 10149 | D:9      | Found a runed translucent gate.
 10150 | D:9      | Found a runed translucent gate.
 10152 | D:9      | Found a runed translucent gate.
 10152 | D:9      | Noticed a brown ugly thing
 10152 | D:9      | Noticed a purple ugly thing
 10152 | D:9      | Noticed a white ugly thing
 10161 | D:9      | Noticed a cyan ugly thing
 10401 | D:10     | Entered Level 10 of the Dungeon
 10717 | D:10     | Identified the +5 scale mail of Bitterness {Str+3}
 10787 | D:10     | Gained mutation: You occasionally lose the ability to drink
                  | potions when taking damage. [Ru sacrifice]
 10787 | D:10     | Gained mutation: You sometimes lose the ability to drink
                  | potions when taking damage. [Ru sacrifice]
 10787 | D:10     | Reached * piety under Ru
 10815 | D:10     | Reached skill level 5 in Poison Magic
 11042 | D:10     | Noticed Harold
 11058 | D:10     | Killed Harold
 11059 | D:10     | Reached XP level 11. HP: 54/89 MP: 11/11
 11341 | D:10     | Noticed a two-headed ogre
 11352 | D:10     | Killed a two-headed ogre
 11738 | D:11     | Noticed a cyan ugly thing
 11752 | D:11     | Killed a purple ugly thing
 11889 | D:11     | Noticed a boulder beetle
 11900 | D:11     | Killed a boulder beetle
 11901 | D:11     | Reached skill level 11 in Shapeshifting
 12004 | D:11     | Reached skill level 10 in Unarmed Combat
 13035 | D:11     | Reached skill level 1 in Conjurations
 13035 | D:11     | Reached skill level 1 in Air Magic
 13306 | D:12     | Noticed a deep elf pyromancer
 13306 | D:12     | Noticed a deep elf pyromancer
 13312 | D:12     | Killed a deep elf pyromancer
 13312 | D:12     | Killed by an exploding deep elf pyromancer... ignited by
                  | their inner flame

Illustrated notes

Levels and vault maps discovered:
D:1:      elethiomel_arrival_quiet, layout_basic,
          shapermc_ecumenical_altar_acropolis
D:2:      layout_basic, minmay_misc_feat_roman, minmay_pentomino_s4
D:3:      minmay_goblin_kobold_castle, layout_basic,
          mainiacjoe_overflow_surrounded_room, mainiacjoe_overflow_alcove_3,
          general_overflow_altar, uniq_jessica
D:4:      layout_layer_cave, dilly_guarded_unrand_morg, uniq_crazy_yiuf_cottage,
          uniq_blork_the_orc
D:5:      layout_loops_cross, tgw_kikubaaqudgha, uniq_edmund
D:6:      layout_loops_corners, temple_green, uniq_grinder
D:7:      layout_loops_corners, uniq_pikel
D:8:      layout_cave_pools, serial_rivers, chequers_serial_rivers_micro_d,
          chequers_serial_rivers_micro_a, chequers_serial_rivers_micro_a,
          chequers_serial_rivers_small_3, small_chamber_with_monster,
          chequers_serial_rivers_micro_b
D:9:      layout_basic, david_lair_shrubbed,
          ploomutoo_gammafunk_ghost_potion_laboratory, uniq_maggie
D:10:     layout_stronghold, uniq_harold
D:11:     layout_grid_maze, serial_glass, glass_columns_a, glass_columns_a,
          minmay_strange_pillars, feat_on_display
D:12:     layout_basic, orc_david_3, slow_altar_1, uniq_maurice
Temple:   hellmonk_temple_divided_pantheon

Skill      XL: |  1  2  3  4  5  6  7  8  9 10 11 |
---------------+----------------------------------+-----
Shapeshifting  | 4 5 6 7 9 10 11 | 11.1
Unarmed Combat | 4 5 6 7 8 9 10 | 10.1
Dodging        | 2 4 5 6 |  6.0
Fighting       | 4 6 |  6.0
Poison Magic   | 5 8 |  8.5
Conjurations   | 1 |  1.0
Air Magic      | 1 |  1.0
Spellcasting   | |  0.9

Action                     |  1- 3 |  4- 6 |  7- 9 | 10-12 || total
---------------------------+-------+-------+-------+-------++-------
  Melee: Unarmed           |   105 |   200 |   347 |   281 ||   933
         Punch             |     3 |     8 |     2 |       ||    13
         Tailslap          |    10 |    20 |    56 |    57 ||   143
  Throw: Dart              |       |     8 |       |       ||     8
 Invoke: Sacrifice Purity  |       |       |     1 |       ||     1
         Sacrifice Drink   |       |       |       |     1 ||     1
Ability: Breathe Noxious F |       |       |    13 |    18 ||    31
  Evoke: Wand              |       |       |     2 |     5 ||     7
    Use: Potion            |       |     1 |       |     1 ||     2
         Scroll            |       |       |     6 |     4 ||    10
   Stab: Sleeping          |     1 |       |       |       ||     1
         Confused          |       |       |     4 |    13 ||    17
         Distracted        |       |       |       |     1 ||     1
 Armour: Skin              |    53 |    72 |   125 |    97 ||   347
  Dodge: Dodged            |    71 |   113 |   189 |   174 ||   547
   Form: Flux              |       |       |     1 |       ||     1

Table legend: (Time is in decaauts)
 A = Elapsed time spent in this place.
 B = Non-inter-level travel time spent in this place.
 C = Inter-level travel time spent in this place.
 D = Time resting spent in this place.
 E = Time spent auto-exploring this place.
 F = Levels seen in this place.
 G = Mean time per level.
                   A        B        C        D        E       F      G
               +--------+--------+--------+--------+--------+-----+--------+
         Total |  13214 |  12525 |    689 |    240 |   9762 |  13 | 1016.5 |
       Dungeon |  13178 |  12498 |    680 |    240 |   9762 |  12 | 1098.2 |
        Temple |     35 |     26 |      9 |      0 |      0 |   1 |   35.0 |
               +--------+--------+--------+--------+--------+-----+--------+

Top non-repeatable levels by time:
    D:11: 1738 daAuts
     D:4: 1721 daAuts
     D:3: 1582 daAuts
     D:9: 1472 daAuts
     D:6: 1253 daAuts
    D:10: 1066 daAuts
     D:7: 951 daAuts
     D:2: 921 daAuts
     D:8: 898 daAuts
     D:5: 868 daAuts
     D:1: 696 daAuts
  Temple: 35 daAuts
    D:12: 5 daAuts
